 Dungeon Crawl Stone Soup version 0.21-a0-621-gc60411f (webtiles) character file.

54 tidbits the Caller (level 3, -4/26 HPs)
             Began as a Gnoll Summoner on Dec 23, 2017.
             Killed by divine providence
             ... invoked by an orc priest
              (16 damage)
             ... on level 4 of the Dungeon.
             The game lasted 00:08:46 (941 turns).

tidbits the Caller (Gnoll Summoner)                  Turns: 941, Time: 00:08:47

Health: -4/26      AC:  4    Str: 10    XL:     3   Next: 91%
Magic:  9/9        EV: 15    Int: 18    God:
Gold:   128        SH:  0    Dex: 15    Spells: 6/12 levels left

rFire    . . .     SeeInvis .   a - +0 short sword
rCold    . . .     Gourm    .   (no shield)
rNeg     . . .     Faith    .   e - +0 robe
rPois    .         Spirit   .   E - +2 hat
rElec    .         Reflect  .   (no cloak)
rCorr    .         Harm     .   (no gloves)
MR       .....                  (no boots)
Stlth    +++.......             (no amulet)
HPRegen  0.08/turn              (no ring)
MPRegen  0.11/turn              (no ring)

@: no status effects
A: distributed training, fangs 1, strong nose
a: no special abilities


You were on level 4 of the Dungeon.
You were hungry.

You visited 1 branch of the dungeon, and saw 5 of its levels.

You collected 128 gold pieces.

Inventory:

Hand Weapons
 a - a +0 short sword (weapon)
 h - a +0 dagger
Missiles
 i - 37 stones
 p - 8 javelins (quivered)
 s - 20 arrows
Armour
 e - a +0 robe (worn)
 E - a +2 hat (worn)
Scrolls
 d - a scroll of magic mapping {unknown}
 g - 2 scrolls of enchant weapon {unknown}
 l - a scroll of remove curse {unknown}
 m - a scroll of noise {unknown}
 o - a scroll of amnesia {unknown}
 r - a scroll of fear
Potions
 f - 2 potions of haste {unknown}
 j - a potion of cancellation {unknown}
 k - a potion of agility
 n - 3 potions of lignification {unknown}
 q - a potion of magic
Books
 b - a book of Callings

   Spells                             Type                      Level
   a - Summon Small Mammal            Summoning                    1
   b - Call Imp                       Summoning                    2
   c - Call Canine Familiar           Summoning                    3
   d - Summon Guardian Golem          Hexes/Summoning              3
   e - Summon Lightning Spire         Summoning/Air                4
   f - Summon Ice Beast               Ice/Summoning                4
Comestibles
 c - 5 rations


   Skills:
 + Level 1.0 Fighting
 + Level 1.0 Short Blades
 + Level 1.0 Long Blades
 + Level 1.0 Axes
 + Level 1.0 Maces & Flails
 + Level 1.0 Polearms
 + Level 1.0 Staves
 + Level 1.0 Slings
 + Level 1.0 Bows
 + Level 1.0 Crossbows
 + Level 1.0 Throwing
 + Level 1.0 Armour
 + Level 4.6 Dodging
 + Level 4.2 Stealth
 + Level 1.0 Shields
 + Level 1.0 Unarmed Combat
 + Level 5.0 Spellcasting
 + Level 0.7 Conjurations
 + Level 0.7 Hexes
 + Level 0.7 Charms
 + Level 7.1 Summonings
 + Level 0.7 Necromancy
 + Level 0.7 Translocations
 + Level 0.7 Transmutations
 + Level 0.7 Fire Magic
 + Level 0.7 Ice Magic
 + Level 0.7 Air Magic
 + Level 0.7 Earth Magic
 + Level 0.7 Poison Magic
 + Level 1.0 Invocations
 + Level 1.0 Evocations


You had 6 spell levels left.
You knew the following spells:

 Your Spells              Type           Power        Failure   Level  Hunger
a - Summon Small Mammal   Summ           ####         1%          1    None
c - Call Canine Familiar  Summ           ####....     1%          3    ##.....
i - Call Imp              Summ           ####....     1%          2    #......


Dungeon Overview and Level Annotations

Branches:
Dungeon (5/15)
 Temple: D:4-7

Altars:


Innate Abilities, Weirdness & Mutations

Your experience applies equally to all skills.
You have very sharp teeth.
Your uncanny sense of smell can sniff out nearby items.


Message History

k - a potion of agility
As you read the scroll of identify, it crumbles to dust.
r - a scroll of fear You climb downwards.
A ball python comes into view.
Found a stone staircase leading down.
There is a stone staircase leading up here.
The ball python hisses angrily.
Casting: Call Imp
Confirm with . or Enter, or press ? or * to list all spells.
You hit the ball python.
You kill the ball python!
You see here a ball python corpse.
Found a club.
An orc comes into view. It is wielding a hand axe.
You swap places.
Found 8 javelins.
There is a stone staircase leading up here.
You see here 8 javelins.
p - 8 javelins Quiver which item? (- for none, * to show all) (? for menu, Esc to quit)
Quivering
p - 8 javelins for throwing.
Found 5 gold pieces.
Found a stone staircase leading up.
Found a stone staircase leading down.
Found a ration.
You see here 5 gold pieces.
You now have 95 gold pieces (gained 5).
There is a stone staircase leading up here.
You climb upwards.
Your summoned ally is left behind.
Found an escape hatch in the floor.
There is a stone staircase leading down here.
Found 9 gold pieces.
A giant cockroach comes into view.
You see here 9 gold pieces.
The helpless giant cockroach fails to defend itself.
You puncture the giant cockroach!
You kill the giant cockroach!
You see here 9 gold pieces.
You now have 104 gold pieces (gained 9).
There is a stone staircase leading down here.
You climb downwards.
There is a stone staircase leading up here.
A quokka comes into view.
An adder comes into view.
You see here a ration.
c - 4 rations (gained 1)
The helpless adder fails to defend itself.
You puncture the adder!
You kill the adder!
Your Fighting skill increases to level 1!
Your Short Blades skill increases to level 1!
Your Long Blades skill increases to level 1!
Your Axes skill increases to level 1!
Your Maces & Flails skill increases to level 1!
Your Polearms skill increases to level 1!
Your Staves skill increases to level 1!
Your Slings skill increases to level 1!
Your Bows skill increases to level 1!
Your Crossbows skill increases to level 1!
Your Throwing skill increases to level 1!
Your Armour skill increases to level 1!
Your Shields skill increases to level 1!
Your Unarmed Combat skill increases to level 1!
Your Evocations skill increases to level 1!
Found a ration.
Found 3 gold pieces and 20 arrows.
You see here a ration.
c - 5 rations (gained 1)
Found a stone staircase leading down.
You see here 3 gold pieces.
You now have 107 gold pieces (gained 3).
Found 21 stones.
You see here 20 arrows.
You see here 21 stones.
i - 37 stones (gained 21)
You see here 20 arrows.
s - 20 arrows
There is a stone staircase leading down here.
You climb downwards.
There is a stone staircase leading up here.
You climb upwards.
There is a stone staircase leading down here.
Found 9 gold pieces.
Found 12 gold pieces.
You are feeling hungry.
You see here 12 gold pieces.
You now have 119 gold pieces (gained 12).
A scorpion and an orc priest come into view.
The orc priest shouts!
You hear a shout!
An orc priest comes into view. It is wielding a dagger.
You see here 9 gold pieces.
Okay, then.
You now have 128 gold pieces (gained 9).
The orc priest invokes the aid of Beogh against you.
Beogh smites you!
Ouch! That really hurt!
* * * LOW HITPOINT WARNING * * *
The orc priest calls down the wrath of Beogh upon you.
Beogh smites you!
Ouch! That really hurt!
You die...

#.#### #.#### ∆
#.#..# ##.#..#
##.....# ∆
###......#####
#............#
#.#......###.#
.##.##..@..# #
.s......#..#
.##..........o.
#...####.###o#
....#. .#.# .##
. # #.. ## ###


You could see a scorpion (sleeping) and 2 orc priests.

Vanquished Creatures
  An adder (D:4)
  An ooze (D:2)
  A worm (D:3)
  A leopard gecko (D:3)
  2 giant cockroaches
  3 goblins
  2 hobgoblins
  A jackal (D:1)
  3 kobolds
  A ball python (D:4)
  3 frilled lizards
  5 rats
24 creatures vanquished.

Vanquished Creatures (collateral kills)
  A dart slug (D:1)
  2 leopard geckos (D:1)
  An orc (D:3)
  2 goblins
  A hobgoblin (D:3)
  3 jackals (D:1)
  A kobold (D:3)
  4 bats
  A frilled lizard (D:2)
  2 rats (D:1)
18 creatures vanquished.

Grand Total: 42 creatures vanquished

Notes
Turn   | Place    | Note
-------+----------+-------------------------------------------
     0 | D:1      | tidbits the Gnoll Summoner began the quest for the Orb.
     0 | D:1      | Reached XP level 1. HP: 13/13 MP: 6/6
   124 | D:1      | Reached XP level 2. HP: 13/19 MP: 4/7
   128 | D:1      | Learned a level 2 spell: Call Imp
   188 | D:2      | Noticed an ice beast
   444 | D:2      | Reached XP level 3. HP: 16/25 MP: 7/9
   450 | D:2      | Learned a level 3 spell: Call Canine Familiar
   580 | D:3      | Reached skill level 5 in Spellcasting
   715 | D:2      | Reached skill level 1 in Invocations
   878 | D:4      | Reached skill level 1 in Fighting
   878 | D:4      | Reached skill level 1 in Short Blades
   878 | D:4      | Reached skill level 1 in Long Blades
   878 | D:4      | Reached skill level 1 in Axes
   878 | D:4      | Reached skill level 1 in Maces & Flails
   878 | D:4      | Reached skill level 1 in Polearms
   878 | D:4      | Reached skill level 1 in Staves
   878 | D:4      | Reached skill level 1 in Slings
   878 | D:4      | Reached skill level 1 in Bows
   878 | D:4      | Reached skill level 1 in Crossbows
   878 | D:4      | Reached skill level 1 in Throwing
   878 | D:4      | Reached skill level 1 in Armour
   878 | D:4      | Reached skill level 1 in Shields
   878 | D:4      | Reached skill level 1 in Unarmed Combat
   878 | D:4      | Reached skill level 1 in Evocations
   920 | D:5      | Entered Level 5 of the Dungeon
   938 | D:4      | Noticed a scorpion
   941 | D:4      | Killed from afar by an orc priest

Vault maps used:
D:1:      dpeg_arrival_renting
D:2:      first_ration
D:3:      okawaru_gym_becter
D:4:      nicolae_gozag_seed_capital, uniq_natasha
D:5:      minmay_temple_entry_from_below_a, serial_shops, shop

Skill      XL: |  1  2  3 |
---------------+----------+-----
Spellcasting   | 5 |  5.0
Invocations    | 1 |  1.0
Fighting       | 1 |  1.0
Short Blades   | 1 |  1.0
Long Blades    | 1 |  1.0
Axes           | 1 |  1.0
Maces & Flails | 1 |  1.0
Polearms       | 1 |  1.0
Staves         | 1 |  1.0
Slings         | 1 |  1.0
Bows           | 1 |  1.0
Crossbows      | 1 |  1.0
Throwing       | 1 |  1.0
Armour         | 1 |  1.0
Shields        | 1 |  1.0
Unarmed Combat | 1 |  1.0
Evocations     | 1 |  1.0
Dodging        | |  4.6
Stealth        | |  4.2
Conjurations   | |  0.7
Hexes          | |  0.7
Charms         | |  0.7
Summonings     | |  7.1
Necromancy     | |  0.7
Translocations | |  0.7
Transmutations | |  0.7
Fire Magic     | |  0.7
Ice Magic      | |  0.7
Air Magic      | |  0.7
Earth Magic    | |  0.7
Poison Magic   | |  0.7

Action                   || total
-------------------------++-------
Melee: Short sword       ||    79
       Bite              ||     4
 Cast: Summon Small Mamm ||    16
       Call Imp          ||    10
       Call Canine Famil ||     4
  Use: Scroll            ||     3
 Stab: Sleeping          ||    10
       Distracted        ||     1
Armor: Robe              ||    25
Dodge: Dodged            ||    83

Table legend:
 A = Spawn XP
 B = Non-spawn XP
 C = Spawn XP percentage of total XP
 D = Spawn monster count
 E = Non-spawn monster count
 F = Spawn count percentage of total count
 G = Total turns spent on level
                    A         B        C        D         E        F      G
               +---------+---------+-------+---------+---------+-------+---------
         Total |       0 |      78 |   0.0 |       0 |      42 |   0.0 |   941
               +---------+---------+-------+---------+---------+-------+---------
           D:1 |       0 |      32 |   0.0 |       0 |      22 |   0.0 |   353
           D:2 |       0 |      17 |   0.0 |       0 |      10 |   0.0 |   296
           D:3 |       0 |      15 |   0.0 |       0 |       8 |   0.0 |   182
           D:4 |       0 |      14 |   0.0 |       0 |       2 |   0.0 |   108
               +---------+---------+-------+---------+---------+-------+---------

Table legend:
 A = Turns spent in this place as a percentage of turns spent in the entire game.
 B = Non-inter-level travel turns spent in this place as a percentage of non-inter-level travel turns spent in the entire game.
 C = Inter-level travel turns spent in this place as a percentage of turns spent in this place.
 D = Turns resting spent in this place as a percentage of non-inter-level travel turns spent in this place.
 E = Turns spent auto-exploring this place as a percentage of non-inter-level travel turns spent in this place.
 F = Non-inter-level travel turns spent in this place divided by the number of levels of this place that you've seen.
                   A       B       C       D       E      F
               +-------+-------+-------+-------+-------+----------------------
         Total | 100.0 | 100.0 |   1.2 |   0.0 |   0.0 | 186.0
       Dungeon | 100.0 | 100.0 |   1.2 |   0.0 |   0.0 | 186.0
               +-------+-------+-------+-------+-------+----------------------

Table legend:
 A = Kills in this place as a percentage of kills in entire the game.
 B = Kills by you in this place as a percentage of kills by you in the entire game.
 C = Kills by friends in this place as a percentage of kills by friends in the entire game.
 D = Other kills in this place as a percentage of other kills in the entire game.
 E = Experience gained in this place as a percentage of experience gained in the entire game.
 F = Experience gained in this place divided by the number of levels of this place that you have seen.
                   A       B       C       D       E      F
               +-------+-------+-------+-------+-------+----------------------
         Total | 100.0 | 100.0 | 100.0 |   N/A | 100.0 |  15.6
       Dungeon | 100.0 | 100.0 | 100.0 |   N/A | 100.0 |  15.6
               +-------+-------+-------+-------+-------+----------------------

Vault maps used:
D:1:      dpeg_arrival_renting
D:2:      first_ration
D:3:      okawaru_gym_becter
D:4:      nicolae_gozag_seed_capital, uniq_natasha
D:5:      minmay_temple_entry_from_below_a, serial_shops, shop
